 Dungeon Crawl Stone Soup version 0.31-a0-221-gbddc013574 (webtiles) character file.

Game seed: 12939503275809822817

531 qw the Chopper (level 7, -1/43 HPs)
             Began as a Gargoyle Fighter on July 4, 2023.
             Slain by Edmund
             ... wielding a +2 dire flail of venom
              (11 damage)
             ... on level 4 of the Dungeon.
             The game lasted 00:01:13 (2514 turns).

qw the Chopper (Gargoyle Fighter)                   Turns: 2514, Time: 00:01:13

Health: -1/43      AC: 10    Str: 21    XL:     7   Next: 24%
Magic:  7/7        EV:  9    Int:  9    God:
Gold:   155        SH:  4    Dex:  9    Spells: 6/6 levels left

rFire   + . .        Y - +0 war axe
rCold   + . .        c - +0 buckler
rNeg    + + .        b - +0 scale mail
rPois   inf          a - -2 hat of the Alchemist {rElec rPois rF+ rC+ rN+ Will+ rMut rCorr}
rElec   +            k - +0 cloak
rCorr   +            (no gloves)
SInv    .            (no boots)
Will    +....        (no amulet) Stlth
                     (no ring)
HPRegen 0.27/turn    (no ring)
MPRegen 0.10/turn

%: resist mutation
@: about to teleport
A: sickness immunity, AC +4, negative energy resistance 1, electricity
resistance, torment resistance 1, petrification resistance
a: no special abilities


You were on level 4 of the Dungeon.
You visited 1 branch of the dungeon, and saw 4 of its levels.

You collected 155 gold pieces.


Innate Abilities, Weirdness & Mutations

You are immune to sickness and miasma.
Your stone body is resilient. (AC +4)
You are immune to poison.
You resist negative energy. (rN+)
You are resistant to electric shocks. (rElec)
You are resistant to unholy torment.
You are immune to petrification.


   Skills:
 - Level 4.2 Fighting
 + Level 6.3 Axes
 - Level 1.0 Throwing
 - Level 3.2 Armour
 - Level 1.2 Dodging
 - Level 3.2 Shields


You had 6 spell levels left.
You didn't know any spells.
Your spell library was empty.

Inventory:

Hand Weapons
 f - a +0 mace
 m - a +0 flail
 Y - a +0 war axe (weapon)
Missiles
 j - 8 javelins (quivered)
Armour
 a - the -2 hat of the Alchemist (worn) {rElec rPois rF+ rC+ rN+ Will+ rMut rCorr}
   (You acquired it on level 1 of the Dungeon)

   rF:        It protects you from fire.
   rC:        It protects you from cold.
   rElec:     It insulates you from electricity.
   rPois:     It protects you from poison.
   rN:        It protects you from negative energy.
   rCorr:     It protects you from acid and corrosion.
   rMut:      It protects you from mutation.
   Will:      It increases your willpower.
 b - a +0 scale mail (worn)
 c - a +0 buckler (worn)
 k - a +0 cloak (worn)
 l - a +0 helmet
Scrolls
 e - 2 scrolls of identify
Potions
 d - a potion of might
 g - a potion of invisibility {unknown}
 h - a potion of curing {unknown}

Dungeon Overview and Level Annotations

Branches:
Dungeon (4/15)
 Temple: D:4-7

Altars:

Shops:
D:4 (

Annotations:
D:3 2 runed translucent doors, qw's ghost, amateur GrHs
D:4 Edmund


Message History

Edmund is heavily wounded.
Edmund hits you with a +2 dire flail of venom.
You hit Edmund.
Edmund is heavily wounded.
Edmund mutters, "Who needs spells, anyway?"
Edmund closely misses you.
You closely miss Edmund.
Edmund is heavily wounded.
You block Edmund's attack.
You hit Edmund.
Edmund is severely wounded.
Edmund closely misses you.
You hit Edmund.
Edmund is severely wounded.
Edmund hits you with a +2 dire flail of venom!
Edmund hits you with a +2 dire flail of venom.
You barely miss Edmund.
Edmund is severely wounded.
You block Edmund's attack.
You completely miss Edmund.
Edmund is severely wounded.
Edmund hits you but does no damage.
You closely miss Edmund.
Edmund is severely wounded.
Edmund hits you with a +2 dire flail of venom.
You barely miss Edmund.
Edmund is severely wounded.
Edmund closely misses you.
You closely miss Edmund.
Edmund is severely wounded.
Edmund hits you with a +2 dire flail of venom.
Edmund hits you but does no damage.
You hit Edmund but do no damage.
Edmund is severely wounded.
Edmund hits you with a +2 dire flail of venom.
2514 ||| READING scroll of teleportation.
As you read the scroll of teleportation, it crumbles to dust.
You feel strangely unstable.
Edmund hits you with a +2 dire flail of venom!
You die...

##### ###...#
#...#.########
##..#..........
##..##.#############
#..###.#....# .(...#
..###..#....# .... ..#
#..#.)######@###
.####..#........@#)##
####...##...........#.
.......#................
.......#######..########
##....................
#.................#...
#.................# .
#..................#
#..................#


You could see Edmund.

Vanquished Creatures
  Sigmund (D:4)
  An ice beast (D:4)
  A scorpion (D:4)
  6 orc wizards
  2 worms
  2 dart slugs
  7 orcs
  4 endoplasms
  3 giant cockroaches (D:1)
  5 goblins
  4 hobgoblins
  3 quokkas
  2 ball pythons (D:1)
  5 bats
  3 frilled lizards
  2 kobolds
  5 rats
56 creatures vanquished.

Notes
Turn   | Place    | Note
-------+----------+-------------------------------------------
     0 | D:1      | qw the Gargoyle Fighter began the quest for the Orb.
     0 | D:1      | Reached XP level 1. HP: 14/14 MP: 1/1
     0 | D:1      | 0 ||| qw: Version: 0.3-a-41-g9d075ac
     0 | D:1      | 0 ||| qw: Game counter: 808
     0 | D:1      | 0 ||| qw: Melee chars always use a shield: true
     0 | D:1      | 0 ||| qw: God list: Okawaru
     0 | D:1      | 0 ||| qw: Allow faded altars: false
     0 | D:1      | 0 ||| qw: Do Orc after clearing Dungeon:15 true
     0 | D:1      | 0 ||| qw: Do second Lair branch before Depths: true
     0 | D:1      | 0 ||| qw: Lair rune preference: random
     0 | D:1      | 0 ||| qw: Goals: Normal, Zot:1-4, Slime:5, God:TSO, Crypt,
                  | Tomb, Abyss, Pan, Hells, Win
     0 | D:1      | 0 ||| PLANNING D:1-11
    60 | D:1      | Reached skill level 2 in Axes
    89 | D:1      | Reached XP level 2. HP: 10/19 MP: 2/2
   172 | D:1      | 172 ||| Stepping ~*~*~tactically~*~*~ (stealth).
   173 | D:1      | 173 ||| Stepping ~*~*~tactically~*~*~ (stealth).
   406 | D:1      | Reached skill level 3 in Axes
   581 | D:1      | Reached XP level 3. HP: 23/23 MP: 3/3
   624 | D:1      | 624 ||| READING scroll labelled XAFOVICAUG.
   625 | D:1      | 625 ||| READING scroll labelled GETOAH JODAVI.
   626 | D:1      | 626 ||| READING scroll labelled LITINOILYS.
   626 | D:1      | Identified a scroll of acquirement
   626 | D:1      | 626 ||| ACQUIRING -2 hat of the Alchemist {rElec rPois rF+
                  | rC+ rN+ Will+ rMut rCorr}
   626 | D:1      | Acquired the -2 hat of the Alchemist {rElec rPois rF+ rC+
                  | rN+ Will+ rMut rCorr}
   626 | D:1      | Found the -2 hat of the Alchemist {rElec rPois rF+ rC+ rN+
                  | Will+ rMut rCorr}
   628 | D:1      | 628 ||| UPGRADING to -2 hat of the Alchemist {rElec rPois
                  | rF+ rC+ rN+ Will+ rMut rCorr}.
   633 | D:1      | 633 ||| READING scroll labelled NUEDUESUUM.
   780 | D:2      | Identified the +9 dagger of Othrikhluu {flame, rPois Will+
                  | SInv}
   781 | D:2      | 781 ||| Stepping ~*~*~tactically~*~*~ (stealth).
   782 | D:2      | 782 ||| Stepping ~*~*~tactically~*~*~ (stealth).
   787 | D:2      | Reached skill level 1 in Throwing
   809 | D:2      | 809 ||| Stepping ~*~*~tactically~*~*~ (stealth).
   927 | D:2      | 927 ||| Stepping ~*~*~tactically~*~*~ (stealth).
   928 | D:2      | 928 ||| Stepping ~*~*~tactically~*~*~ (stealth).
   929 | D:2      | 929 ||| Stepping ~*~*~tactically~*~*~ (stealth).
   930 | D:2      | 930 ||| Stepping ~*~*~tactically~*~*~ (stealth).
   931 | D:2      | 931 ||| Stepping ~*~*~tactically~*~*~ (stealth).
   933 | D:2      | 933 ||| Stepping ~*~*~tactically~*~*~ (hiding).
  1190 | D:2      | 1190 ||| READING scroll labelled JEAJUMM ZOSI.
  1271 | D:3      | 1271 ||| DROPPING +0 club.
  1541 | D:3      | Found a runed translucent door.
  1541 | D:3      | Noticed qw's ghost (amateur GrHs)
  1634 | D:3      | 1634 ||| Stepping ~*~*~tactically~*~*~ (hiding).
  1635 | D:3      | 1635 ||| Stepping ~*~*~tactically~*~*~ (hiding).
  1636 | D:3      | 1636 ||| Stepping ~*~*~tactically~*~*~ (hiding).
  1637 | D:3      | 1637 ||| Stepping ~*~*~tactically~*~*~ (hiding).
  1639 | D:3      | 1639 ||| Stepping ~*~*~tactically~*~*~ (hiding).
  1696 | D:3      | Found a runed translucent door.
  1783 | D:3      | Reached XP level 4. HP: 28/28 MP: 4/4
  1998 | D:3      | 1998 ||| UPGRADING to +0 cloak.
  2030 | D:4      | 2030 ||| Stepping ~*~*~tactically~*~*~ (hiding).
  2034 | D:4      | 2034 ||| Stepping ~*~*~tactically~*~*~ (hiding).
  2056 | D:4      | 2056 ||| STAIRDANCE
  2058 | D:4      | 2058 ||| STAIRDANCE
  2216 | D:4      | 2216 ||| Stepping ~*~*~tactically~*~*~ (stealth).
  2217 | D:4      | 2217 ||| Stepping ~*~*~tactically~*~*~ (hiding).
  2219 | D:4      | 2219 ||| Stepping ~*~*~tactically~*~*~ (hiding).
  2220 | D:4      | 2220 ||| Stepping ~*~*~tactically~*~*~ (hiding).
  2229 | D:4      | Reached skill level 4 in Axes
  2234 | D:4      | Noticed an ice beast
  2236 | D:4      | 2236 ||| Stepping ~*~*~tactically~*~*~ (stealth).
  2246 | D:4      | Killed an ice beast
  2247 | D:4      | Reached skill level 5 in Axes
  2247 | D:4      | Reached XP level 5. HP: 23/32 MP: 5/5
  2314 | D:4      | Reached XP level 6. HP: 38/38 MP: 6/6
  2315 | D:4      | Found Joboerph's Weapon Boutique.
  2345 | D:4      | 2345 ||| Stepping ~*~*~tactically~*~*~ (hiding).
  2354 | D:4      | Reached skill level 1 in Dodging
  2456 | D:4      | Noticed Sigmund
  2457 | D:4      | 2457 ||| Stepping ~*~*~tactically~*~*~ (hiding).
  2469 | D:4      | Killed Sigmund
  2470 | D:4      | Reached skill level 6 in Axes
  2470 | D:4      | Reached XP level 7. HP: 38/43 MP: 7/7
  2497 | D:4      | Noticed Edmund
  2513 | D:4      | HP: 9/43 [Edmund/+2 dire flail of venom (3)]
  2514 | D:4      | 2514 ||| READING scroll of teleportation.
  2514 | D:4      | Slain by Edmund

Levels and vault maps discovered:
D:1:      minmay_arrival_four_loops, layout_basic
D:2:      layout_rooms
D:3:      layout_basic, ebering_ghost_sewer_f
D:4:      layout_cave_pods, serial_shops, shop, minmay_misc_feat_five,
          sigmund_edmund_badplayer

Skill      XL: |  1  2  3  4  5  6 |
---------------+-------------------+-----
Axes           | 2 3 5 6 |  6.3
Throwing       | 1 |  1.0
Fighting       | 4 |  4.2
Dodging        | 1 |  1.2
Armour         | |  3.2
Shields        | |  3.2

Action                     |  1- 3 |  4- 6 |  7- 9 || total
---------------------------+-------+-------+-------++-------
  Melee: War axe           |    99 |    65 |    15 ||   179
  Throw: Javelin           |    35 |     9 |     1 ||    45
    Use: Scroll            |     5 |       |     1 ||     6
 Armour: Scale mail        |    53 |    36 |     2 ||    91
  Dodge: Dodged            |    39 |    18 |     4 ||    61
  Block: Buckler           |    25 |     8 |     3 ||    36

Table legend:
 A = Non-vault XP
 B = Vault XP
 C = Vault XP percentage of total XP
 D = Non-vault monster count
 E = Vault monster count
 F = Vault count percentage of total count
                 A         B        C        D         E       F
            +---------+---------+-------+---------+---------+-------
      Total |     528 |     231 |  30.4 |      55 |       1 |   1.8
            +---------+---------+-------+---------+---------+-------
        D:1 |      35 |       0 |   0.0 |      20 |       0 |   0.0
        D:2 |      24 |       0 |   0.0 |      12 |       0 |   0.0
        D:3 |      58 |       0 |   0.0 |      12 |       0 |   0.0
        D:4 |     411 |     231 |  36.0 |      11 |       1 |   8.3
            +---------+---------+-------+---------+---------+-------
